 Dungeon Crawl Stone Soup version 0.25-a0-1133-g93ebf739aa (webtiles) character file.

Game seed: 6948131787648991382, levelgen mode: deterministic

16 MisterFreud the Skirmisher (level 2, 0/25 HPs)
             Began as a Formicid Abyssal Knight on May 21, 2020.
             Was a Follower of Lugonu.
             Succumbed to an adder's poison
             ... on level 3 of the Dungeon.
             The game lasted 00:01:26 (783 turns).

MisterFreud the Skirmisher (Formicid Abyssal Knight) Turns: 783, Time: 00:01:26

Health: 0/25       AC: 10    Str: 16    XL:     2   Next: 75%
Magic:  3/3        EV:  6    Int: 11    God:    Lugonu [*.....]
Gold:   68         SH:  0    Dex: 10    Spells: 1/1 levels left

rFire    . . .     SeeInvis +   a - +1 hand axe
rCold    . . .     Gourm    .   (no shield)
rNeg     . . .     Faith    .   h - +0 chain mail
rPois    .         Spirit   .   (helmet unavailable)
rElec    .         Reflect  .   (no cloak)
rCorr    .         Harm     .   d - +1 pair of gloves
MR       .....                  (no boots)
Stlth    ..........             (no amulet)
HPRegen  0.08/turn              (no ring)
MPRegen  0.08/turn              (no ring)

@: lethally poisoned (0 -> -8)
A: permanent stasis, dig shafts and tunnels, four strong arms, antennae 3
a: Dig, Shaft Self, Depart the Abyss, Renounce Religion


You were on level 3 of the Dungeon.
You worshipped Lugonu.
Lugonu was aware of your devotion.
You were not hungry.

You visited 1 branch of the dungeon, and saw 3 of its levels.
You visited the Abyss 1 time.

You collected 68 gold pieces.

Inventory:

Hand Weapons
 a - a +1 hand axe (weapon)
Armour
 b - a +0 leather armour
 d - a +1 pair of gloves (worn)
 h - a +0 chain mail (worn)
Scrolls
 i - 2 scrolls of remove curse {unknown}
 j - 2 scrolls of identify {unknown}
 l - a scroll of noise {unknown}
 m - 2 scrolls of amnesia {unknown}
 p - a scroll of blinking {unknown}
Potions
 e - a potion of might {unknown}
 g - 2 potions of stabbing {unknown}
 k - 2 potions of haste
 n - a potion of brilliance {unknown}
 o - 2 potions of degeneration {unknown}
Comestibles
 c - a ration
 f - 3 chunks of flesh


   Skills:
 * Level 4.2 Fighting
 - Level 2.0 Axes
 - Level 2.1 Armour
 - Level 0.8 Dodging
 - Level 2.1 Invocations


You had one spell level left.
You didn't know any spells.
Your spell library was empty.

Dungeon Overview and Level Annotations

Branches:
Dungeon (2/15)

Altars:

Annotations:
D:1 1 runed translucent door


Innate Abilities, Weirdness & Mutations

You cannot be hasted, slowed, berserked, paralysed or teleported.
You can dig through walls and to a lower floor.
Your four strong arms can wield two-handed weapons with a shield.
You have a pair of large antennae on your head. (SInv)


Message History

Are you sure you want to shaft yourself?
You feel quite a bit more hungry. The gnoll barely misses you.
You begin to dig a shaft.
You continue digging a shaft.
A shaft appears beneath you!
You fall into a shaft and drop 1 floor!
The shaft crumbles and collapses.
An adder comes into view.
The adder hisses angrily.
Found a scroll labeled IMACHA AFOLAU.
It was a potion of haste.
Your stasis prevents you from being hasted.
You hit the adder.
The adder is heavily wounded.
The adder bites you.
* * * LOW HITPOINT WARNING * * *
You are lethally poisoned!
The adder poisons you! The adder bites you but does no damage.
You miss the adder.
The adder is heavily wounded.
You die...

##############
#....S@...?...
##.############
#..#### #S...≈#
#.#≈≈≈≈#
#.###≈≈≈≈
#...###≈≈
###..S# #
##....


You could see an adder.

Vanquished Creatures
  An ooze (D:1)
  A worm (D:2)
  2 ball pythons (D:1)
  A kobold (D:1)
  A frilled lizard (D:1)
  2 goblins
  3 rats (D:1)
11 creatures vanquished.

Notes
Turn   | Place    | Note
-------+----------+-------------------------------------------
     0 | Abyss:1  | MisterFreud the Formicid Abyssal Knight began the quest for
                  | the Orb.
     0 | Abyss:1  | Reached XP level 1. HP: 18/18 MP: 2/2
    24 | D:1      | Escaped the Abyss
    26 | D:1      | Found a runed translucent door.
    26 | D:1      | Noticed a jelly
   147 | D:1      | Reached XP level 2. HP: 13/25 MP: 3/3
   309 | D:1      | Reached skill level 4 in Fighting
   771 | D:2      | You fall into a shaft and drop 1 floor!
   782 | D:3      | HP: 1/25 [adder (3)]
   783 | D:3      | Succumbed to an adder's poison

Illustrated notes

Levels and vault maps discovered:
D:1:      dpeg_arrival_caged_fury, layout_basic
D:2:      layout_rooms, serial_curves, eino_curves_04, eino_curves_03,
          minmay_misc_feat_rows
D:3:      layout_basic, first_ration, chequers_serial_rivers_large_b,
          minmay_checkerbox

Skill      XL: |  1  2 |
---------------+-------+-----
Fighting       | 4 |  4.2
Axes           | |  2.0
Armour         | |  2.1
Dodging        | |  0.8
Invocations    | |  2.1

Action                   || total
-------------------------++-------
Melee: Hand axe          ||    39
 Abil: Shaft Self        ||     1
  Use: Potion            ||     1
Armor: Leather armour    ||     2
       Chain mail        ||    12
Dodge: Dodged            ||    15

Table legend:
 A = Non-vault XP
 B = Vault XP
 C = Vault XP percentage of total XP
 D = Non-vault monster count
 E = Vault monster count
 F = Vault count percentage of total count
                 A         B        C        D         E       F
            +---------+---------+-------+---------+---------+-------
      Total |      24 |       0 |   0.0 |      11 |       0 |   0.0
            +---------+---------+-------+---------+---------+-------
        D:1 |      17 |       0 |   0.0 |       9 |       0 |   0.0
        D:2 |       7 |       0 |   0.0 |       2 |       0 |   0.0
            +---------+---------+-------+---------+---------+-------
